 Dungeon Crawl Stone Soup version 0.30-a0-457-g4b7bca3bfa (webtiles) character file.

Game seed: 11481440644012271948

375 qeuew the Trooper (level 6, -4/56 HPs)
             Began as a Hill Orc Fighter on Dec 12, 2022.
             Was a Follower of Trog.
             Slain by Robin
             ... wielding a +0 trident
              (6 damage)
             ... on level 4 of the Dungeon.
             The game lasted 00:03:42 (3517 turns).

qeuew the Trooper (Hill Orc Fighter)                Turns: 3517, Time: 00:03:42

Health: -4/56      AC:  7    Str: 21    XL:     6   Next: 73%
Magic:  6/6        EV: 10    Int:  8    God:    Trog [*.....]
Gold:   210        SH:  4    Dex: 10    Spells: 5/5 levels left

rFire   + . .      SeeInvis .    a - +1 war axe
rCold   + . .      Faith    .    c - +0 buckler
rNeg    . . .      Spirit   .    b - +0 scale mail
rPois   +          Reflect  .    (no helmet)
rElec   +          Harm     .    (no cloak)
rCorr   +          Rampage  .    (no gloves)
Will    .....                    (no boots)
Stlth   ..........               (no amulet)
HPRegen 0.29/turn                (no ring)
MPRegen 0.10/turn                (no ring)

@: mighty, lethally poisoned (-4 -> -6), resistant
A: no striking features
a: Renounce Religion, Berserk


You were on level 4 of the Dungeon.
You worshipped Trog.
Trog was aware of your devotion.
You visited 1 branch of the dungeon, and saw 4 of its levels.

You collected 210 gold pieces.

Inventory:

Hand Weapons
 a - a +1 war axe (weapon)
Armour
 b - a +0 scale mail (worn)
 c - a +0 buckler (worn)
Scrolls
 e - a scroll of teleportation
 f - 2 scrolls of identify
 g - a scroll of immolation {unknown}
 h - a scroll of silence {unknown}


   Skills:
 + Level 5.0 Fighting
 + Level 4.7 Axes
 + Level 4.5 Armour
 + Level 2.2 Dodging
 + Level 4.6 Shields


You had 5 spell levels left.
You didn't know any spells.
Your spell library contained the following spells:

 Spells                   Type           Power      Damage    Failure   Level
 Beastly Appendage        Tmut           0%         N/A       83%         1
 Sandblast                Erth           0%         2d4       83%         1
 Passwall                 Tmut/Erth      0%         N/A       92%         2
 Wereblood                Tmut           0%         N/A       92%         2
 Spider Form              Tmut/Pois      0%         N/A       99%         3
 Stone Arrow              Conj/Erth      0%         3d7       99%         3


Dungeon Overview and Level Annotations

Branches:
Dungeon (4/15)
 Temple: D:4-7

Altars:
Elyvilon
Kikubaaqudgha
Trog
Wu Jian
Zin

Shops:
D:2 [

Annotations:
D:4 Dowan, Duvessa, Robin


Message History

The adder bites you but does no damage. You block Robin's attack.
The goblin barely misses you. The adder bites you but does no damage.
Okay, then.
You feel protected.
You feel sick.
The hobgoblin no longer looks unusually strong.
Duvessa closely misses you. Robin hits you but does no damage.
The goblin hits you but does no damage. The adder bites you but does no damage.
You feel very mighty all of a sudden.
You feel sick. Duvessa hits you with a +0 rapier!
* * * LOW HITPOINT WARNING * * *
Robin barely misses you. The adder bites you.
* * * LOW HITPOINT WARNING * * *
The goblin hits you but does no damage.
Unknown command.
You slice Duvessa!!
Duvessa is severely wounded.
You slash the goblin!
You kill the goblin!
Trog accepts your kill.
You slash the adder!
You kill the adder!
Trog accepts your kill.
You can now go berserk at will.
You feel sick. Duvessa hits you but does no damage.
Robin roars a battlecry!
The hobgoblin goes into a battle-frenzy!
You block Duvessa's attack.
The hobgoblin hits you but does no damage.
Robin hits you but does no damage.
You slash Duvessa!
Duvessa is almost dead.
You slash the hobgoblin!
You kill the hobgoblin!
Trog accepts your kill.
You feel sick. Duvessa hits you with a +0 rapier.
* * * LOW HITPOINT WARNING * * *
Dowan casts a spell at you. The puff of frost misses you.
Robin hits you from afar with a +0 trident.
You die...

#.............# #.
#.............#..... #.
#.............#.... #.
#.............#...# . #.
#.............#...###.! #.
#.............'........ #.
#.............#eg...... #.
#.............#)e...... #.
#.............#@)..######## #.
#.............#)####......#####.
#...............................
#...........)...................
#..........)....................
#..............>...........>....
#.....†............)...........#
#...................######..<..#
#...................'....+.....+


You could see Duvessa, Dowan and Robin.

Vanquished Creatures
  2 scorpions (D:4)
  2 hounds
  An iguana (D:4)
  6 adders
  A worm (D:4)
  3 dart slugs
  An orc (D:3)
  7 bats
  7 endoplasms
  4 giant cockroaches
  18 goblins
  10 hobgoblins
  9 jackals
  5 quokkas
  6 ball pythons
  A frilled lizard (D:1)
  11 kobolds
  A rat (D:3)
95 creatures vanquished.

Notes
Turn   | Place    | Note
-------+----------+-------------------------------------------
     0 | D:1      | qeuew the Hill Orc Fighter began the quest for the Orb.
     0 | D:1      | Reached XP level 1. HP: 19/19 MP: 1/1
    46 | D:1      | Found a faded altar of an unknown god.
    70 | D:1      | Reached XP level 2. HP: 27/27 MP: 2/2
   404 | D:1      | Reached XP level 3. HP: 33/33 MP: 3/3
   621 | D:1      | Reached skill level 4 in Fighting
   985 | D:2      | Reached skill level 1 in Dodging
  1023 | D:2      | Reached XP level 4. HP: 33/40 MP: 4/4
  1123 | D:2      | Found Helelud's Antique Armour Shop.
  1925 | D:3      | Found a glowing silver altar of Zin.
  2053 | D:3      | Found an ornate altar of the Wu Jian Council.
  2307 | D:3      | Found a bloodstained altar of Trog.
  2406 | D:3      | Reached XP level 5. HP: 40/47 MP: 5/5
  2503 | D:3      | Became a worshipper of Trog the Wrathful
  2943 | D:4      | Reached XP level 6. HP: 40/53 MP: 6/6
  3131 | D:4      | Found an ancient bone altar of Kikubaaqudgha.
  3333 | D:4      | Found a white marble altar of Elyvilon.
  3402 | D:4      | Reached skill level 5 in Fighting
  3502 | D:4      | Noticed Robin
  3508 | D:4      | Noticed Duvessa
  3512 | D:4      | Noticed Dowan
  3516 | D:4      | Reached * piety under Trog
  3517 | D:4      | HP: 2/56 [Duvessa/+0 rapier (5)]
  3517 | D:4      | Slain by Robin

Illustrated notes

Levels and vault maps discovered:
D:1:      minmay_arrival_nine_rooms, layout_basic,
          ebering_ecumenical_altar_sacrificial
D:2:      layout_basic, serial_shops, nicolae_shop_statue_plus,
          roderic_lattice_a, patterned_corridor
D:3:      layout_loops_ring, mainiacjoe_overflow_small_starburst,
          lemuel_tele_altar, mainiacjoe_overflow_paths
D:4:      minmay_door_path, layout_gridville, lemuel_crystal_altar,
          nicolae_overflow_crystal_walls, uniq_duvessa, uniq_robin

Skill      XL: |  1  2  3  4  5  6 |
---------------+-------------------+-----
Axes           | 3 4 |  4.7
Fighting       | 4 5 |  5.0
Dodging        | 1 2 |  2.2
Armour         | 4 |  4.5
Shields        | 4 |  4.6

Action                   |  1- 3 |  4- 6 || total
-------------------------+-------+-------++-------
Melee: War axe           |    84 |   164 ||   248
  Use: Potion            |     2 |     2 ||     4
       Scroll            |     1 |     6 ||     7
Armor: Scale mail        |    52 |    88 ||   140
Dodge: Dodged            |    48 |    95 ||   143
Block: Buckler           |    19 |    49 ||    68

Table legend: (Time is in decaauts)
 A = Elapsed time spent in this place.
 B = Non-inter-level travel time spent in this place.
 C = Inter-level travel time spent in this place.
 D = Time resting spent in this place.
 E = Time spent auto-exploring this place.
 F = Levels seen in this place.
 G = Mean time per level.
                   A        B        C        D        E       F      G
               +--------+--------+--------+--------+--------+-----+--------+
         Total |   3604 |   3390 |    214 |      0 |   2807 |   4 |  901.0 |
       Dungeon |   3604 |   3390 |    214 |      0 |   2807 |   4 |  901.0 |
               +--------+--------+--------+--------+--------+-----+--------+

Top non-repeatable levels by time:
     D:2: 1047 daAuts
     D:1: 920 daAuts
     D:3: 834 daAuts
     D:4: 801 daAuts
